 Dungeon Crawl Stone Soup version 0.30-a0-140-gd1020e658a (webtiles) character file.

Game seed: 15669233805016778824

4126 blackman the Carver (level 10, -1/77 HPs)
             Began as a Human Delver on Sept 24, 2022.
             Was a Believer of the Shining One.
             Slain by a fire elemental (6 damage)
             ... on level 8 of the Dungeon.
             The game lasted 00:27:47 (8517 turns).

blackman the Carver (Human Delver)                  Turns: 8517, Time: 00:27:47

Health: -1/77      AC: 20    Str: 13    XL:     10   Next: 51%
Magic:  10/10      EV:  9    Int: 13    God:    the Shining One [**....]
Gold:   317        SH:  4    Dex: 18    Spells: 9/9 levels left

rFire   . . .      SeeInvis +    a - +0 falchion
rCold   + . .      Faith    +    A - +0 buckler
rNeg    + . .      Spirit   .    d - +6 scale mail of Impermeability {rPois Int+2 SInv Stlth+}
rPois   +          Reflect  .    C - +1 helmet
rElec   .          Harm     .    k - +0 cloak
rCorr   .          Rampage  .    t - +2 pair of gloves
Will    .....                    (no boots)
Stlth   +.........               u - amulet of faith
HPRegen 0.22/turn                (no ring)
MPRegen 0.12/turn                (no ring)

@: glowing
A: cold resistance 1, sense surroundings 1
a: Renounce Religion, Divine Shield


You were on level 8 of the Dungeon.
You worshipped the Shining One.
The Shining One was pleased with you.
You visited 2 branches of the dungeon, and saw 9 of its levels.

You collected 317 gold pieces.

Inventory:

Hand Weapons
 a - a +0 falchion (weapon)
Missiles
 l - 2 atropa-tipped darts
 v - 16 poisoned darts (quivered)
Armour
 b - a +0 leather armour
 d - the +6 scale mail of Impermeability (worn) {rPois Int+2 SInv Stlth+}
   (You took it off an orc on level 3 of the Dungeon)

   Int:       It affects your intelligence (+2).
   rPois:     It protects you from poison.
   SInv:      It lets you see invisible.
   Stlth:     It makes you more stealthy.
 j - a +0 pair of gloves
 k - a +0 cloak (worn)
 t - a +2 pair of gloves (worn)
 w - a +0 ring mail
 A - a +0 buckler (worn)
 C - a +1 helmet (worn)
Jewellery
 f - a ring of wizardry
 u - an amulet of faith (around neck)
Wands
 g - a wand of digging (3)
Scrolls
 c - 2 scrolls of fog
 e - a scroll of fear
 n - 2 scrolls of immolation
 r - 2 scrolls of teleportation
 x - a scroll of enchant weapon
 y - 2 scrolls of noise
Potions
 h - 2 potions of lignification
 i - a potion of flight {unknown}
 m - a potion of cancellation {unknown}
 o - a potion of curing
 p - 4 potions of degeneration
 s - a potion of invisibility
 z - a potion of mutation


   Skills:
 * Level 6.5 Fighting
 - Level 12.2 Long Blades
 * Level 5.5 Armour
 - Level 2.0 Dodging
 - Level 5.0 Stealth


You had 9 spell levels left.
You didn't know any spells.
Your spell library contained the following spells:

 Spells                   Type           Power      Damage    Failure   Level
 Gell's Gravitas          Tloc           0%         N/A       99%         3
 Lesser Beckoning         Tloc           0%         N/A       99%         3
 Teleport Other           Tloc           0%         N/A       99%         3


Dungeon Overview and Level Annotations

Branches:
Dungeon (8/15)             Temple (1/1) D:4
   Lair: D:8-11

Altars:
Ashenzari
Dithmenos
Elyvilon
Gozag
Makhleb
Okawaru
Qazlal
Ru
Sif Muna
Trog
Uskayaw
Vehumet
Wu Jian
Xom
Yredelemnul
Zin
The Shining One

Shops:
D:6 !


Innate Abilities, Weirdness & Mutations

Your flesh is cold resistant. (rC+)
You passively map a small area around you.


Message History

Aim: a boulder beetle (almost dead, very poisoned, haloed, 97% to hit)
You throw a poisoned dart.
The poisoned dart hits the boulder beetle.
The boulder beetle looks as sick as possible!
The boulder beetle is almost dead.
You block the boulder beetle's attack.
You hit the boulder beetle but do no damage.
The boulder beetle is almost dead.
The boulder beetle bites you but does no damage.
You hit the boulder beetle but do no damage.
The boulder beetle is almost dead.
You kill the boulder beetle!
You feel your strength returning.
You hit the fire elemental but do no damage.
The fire elemental is heavily damaged.
The fire elemental closely misses you.
You hit the fire elemental.
The fire elemental is severely damaged.
The fire elemental hits you. The fire elemental burns you!
* * * LOW HITPOINT WARNING * * *
You hit the fire elemental.
The fire elemental is severely damaged.
The fire elemental hits you. The fire elemental burns you!
* * * LOW HITPOINT WARNING * * *
You hit the fire elemental but do no damage.
The fire elemental is severely damaged.
You hit the fire elemental but do no damage.
The fire elemental is severely damaged.
You block the fire elemental's attack.
You hit the fire elemental but do no damage.
The fire elemental is severely damaged.
The fire elemental barely misses you.
You barely miss the fire elemental.
The fire elemental is severely damaged.
The fire elemental hits you. The fire elemental burns you!
* * * LOW HITPOINT WARNING * * *
You feel better. The fire elemental hits you. The fire elemental burns you!
* * * LOW HITPOINT WARNING * * *
The fire elemental hits you. The fire elemental burns you!
You die...

* , , ##* ##. *
**#.# *#.. # *
* #..... #
#########...#
#. #...@#○.##.#
* , #.#
#.###E...## *,
#.###.##○....##
*#...###....##
#.###§##..#+ ,
*
##.##§§≈####,,
#.##§≈°≈≈## , ,
~
#..#>##≈≈≈###*
,, *
#####.##≈##E.#
, +


You could see a fire elemental.

Vanquished Creatures
  A boulder beetle (D:8)
  A manticore (D:7)
  A gargoyle (D:7)
  Psyche (D:8)
  A kobold demonologist (D:7)
  Grinder (D:5)
  A fire elemental (D:8)
  A steam dragon (D:7)
  An acid dragon (D:7)
  Duvessa (D:7)
  A water moccasin (D:7)
  A black bear (D:5)
  An ogre (D:7)
  The ghost of Hubris850 the Conjurer, an amateur DrCj (D:3)
  2 phantoms (D:7)
  3 bullfrogs
  2 necrophages
  A scorpion (D:7)
  Dowan (D:7)
  2 killer bees (D:7)
  3 hounds
  An orc priest (D:3)
  5 jellies
  3 iguanas
  6 orc wizards
  4 gnolls (D:5)
  4 adders
  2 shadow imps
  A white imp (D:7)
  2 ufetubi
  4 dart slugs
  33 orcs
  3 endoplasms
  5 goblins
  9 hobgoblins
  6 jackals
  6 quokkas
  11 ball pythons
  3 bats
  A frilled lizard (D:2)
  6 kobolds
  3 rats
146 creatures vanquished.

Vanquished Creatures (collateral kills)
  A steam dragon (D:6)
1 creature vanquished.

Vanquished Creatures (others)
  An orc wizard (D:3)
1 creature vanquished.

Grand Total: 148 creatures vanquished

Notes
Turn   | Place    | Note
-------+----------+-------------------------------------------
     0 | D:5      | blackman the Human Delver began the quest for the Orb.
     0 | D:5      | Reached XP level 1. HP: 18/18 MP: 1/1
    78 | D:5      | Noticed a jelly
    81 | D:5      | Killed a jelly
    82 | D:5      | Reached skill level 3 in Long Blades
    82 | D:5      | Reached XP level 2. HP: 24/24 MP: 2/2
    82 | D:5      | Reached XP level 3. HP: 29/29 MP: 3/3
   114 | D:5      | Noticed Grinder
   145 | D:4      | Found a staircase to the Ecumenical Temple.
   167 | Temple   | Entered the Ecumenical Temple
   247 | Temple   | Became a worshipper of Elyvilon the Healer
   595 | D:3      | Reached skill level 4 in Long Blades
   595 | D:3      | Reached XP level 4. HP: 35/35 MP: 4/4
  1049 | D:1      | Reached * piety under Elyvilon
  1658 | D:1      | Reached XP level 5. HP: 41/41 MP: 5/5
  1796 | D:1      | Found a faded altar of an unknown god.
  1893 | D:2      | Reached ** piety under Elyvilon
  2619 | D:3      | Reached skill level 5 in Long Blades
  3195 | D:3      | Reached *** piety under Elyvilon
  3195 | D:3      | Found a runed translucent gate.
  3199 | D:3      | Found a runed translucent gate.
  3199 | D:3      | Found a runed translucent gate.
  3199 | D:3      | Noticed Hubris850's ghost (amateur DrCj)
  3202 | D:3      | Identified the +6 scale mail of Impermeability {rPois Int+2
                  | SInv Stlth+}
  3268 | D:3      | Reached XP level 6. HP: 47/47 MP: 6/6
  3273 | D:3      | Reached skill level 6 in Long Blades
  3292 | D:3      | Killed Hubris850's ghost
  3846 | D:4      | Found an ornate altar of the Wu Jian Council.
  4062 | D:5      | Reached XP level 7. HP: 51/52 MP: 7/7
  4068 | D:5      | Reached skill level 7 in Long Blades
  4681 | Temple   | Fell from the grace of Elyvilon
  4681 | Temple   | Became a worshipper of the Shining One
  4681 | Temple   | Reached * piety under the Shining One
  4747 | D:5      | Paralysed by Grinder for 2 turns
  4759 | D:5      | Paralysed by Grinder for 4 turns
  4769 | D:5      | Paralysed by Grinder for 2 turns
  4781 | D:5      | Killed Grinder
  4782 | D:5      | Reached skill level 8 in Long Blades
  4810 | D:5      | Reached XP level 8. HP: 43/58 MP: 8/8
  4934 | D:5      | Found a sacrificial altar of Ru.
  4985 | D:5      | Found a stormy altar of Qazlal.
  5046 | D:5      | Reached skill level 9 in Long Blades
  5182 | D:5      | Reached ** piety under the Shining One
  5732 | D:6      | Found Fuliag's Distillery.
  5822 | D:6      | Reached skill level 10 in Long Blades
  6167 | D:7      | Noticed a manticore
  6203 | D:7      | Noticed a kobold demonologist
  6221 | D:7      | Killed a kobold demonologist
  6222 | D:7      | Reached skill level 11 in Long Blades
  6222 | D:7      | Reached XP level 9. HP: 63/63 MP: 9/9
  6464 | D:7      | Killed a manticore
  6465 | D:7      | Reached skill level 12 in Long Blades
  6733 | D:7      | Found a shadowy altar of Dithmenos.
  6855 | D:7      | Noticed a gargoyle
  6871 | D:7      | Reached skill level 1 in Armour
  7262 | D:7      | Gained mutation: You passively map a small area around you.
                  | [potion of mutation]
  7262 | D:7      | Gained mutation: Your flesh is cold resistant. (rC+)
                  | [potion of mutation]
  7273 | D:7      | Killed a gargoyle
  7392 | D:7      | Reached XP level 10. HP: 48/73 MP: 6/10
  7602 | D:7      | Noticed Duvessa
  7602 | D:7      | Noticed Dowan
  7622 | D:7      | Killed Duvessa
  7623 | D:7      | Reached skill level 5 in Fighting
  7650 | D:7      | Killed Dowan
  8344 | D:8      | Noticed Psyche
  8359 | D:8      | Killed Psyche
  8360 | D:8      | Reached skill level 5 in Armour
  8466 | D:8      | Noticed a boulder beetle
  8509 | D:8      | Killed a boulder beetle
  8516 | D:8      | HP: 3/77 [fire elemental (9)]
  8517 | D:8      | Slain by a fire elemental

Illustrated notes

Levels and vault maps discovered:
D:1:      onia_arrival_mini_spirals, layout_basic,
          shapermc_ecumenical_altar_mp_vishouse, minmay_misc_feat_tower,
          chequers_serial_rivers_large_b, st_stairs_3, minmay_misc_feat_roman
D:2:      layout_basic
D:3:      layout_loops_cross, biasface_ghost_orc_armoury
D:4:      layout_rooms, mainiacjoe_overflow_surrounded_room,
          minmay_temple_entry_stoned_glass
D:5:      layout_gridville, nicolae_qazlal_general_emergency,
          minmay_ruined_shrine, uniq_grinder
D:6:      layout_gridville, serial_shops, kennysheep_mini
D:7:      layout_basic, kennysheep_little_box, hangedman_minor_gate_pass,
          uniq_duvessa
D:8:      layout_layer_cave, marbit_many_paths, nemelex_spade_bored_becter,
          old_standard_altar, mainiacjoe_overflow_catch_the_wave, serial_shops,
          shop, dilly_guarded_unrand_elemental_staff, uniq_prince_ribbit1,
          uniq_psyche, uniq_joseph
Temple:   nicolae_temple_god_jail

Skill      XL: |  1  2  3  4  5  6  7  8  9 10 |
---------------+-------------------------------+-----
Long Blades    | 3 4 5 6 8 11 12 | 12.2
Armour         | 3 5 |  5.5
Fighting       | 4 6 |  6.5
Dodging        | |  2.0
Stealth        | |  5.0

Action                   |  1- 3 |  4- 6 |  7- 9 | 10-12 || total
-------------------------+-------+-------+-------+-------++-------
Melee: Falchion          |    32 |   180 |   332 |   125 ||   669
       Punch             |       |     3 |     5 |       ||     8
Throw: Dart              |       |       |    11 |     7 ||    18
Invok: Divine Shield     |       |       |     3 |       ||     3
Evoke: Wand              |     5 |    29 |       |       ||    34
  Use: Scroll            |     1 |    10 |     3 |       ||    14
       Potion            |       |     1 |    10 |     2 ||    13
 Stab: Distracted        |     1 |       |       |       ||     1
       Sleeping          |     4 |    16 |       |       ||    20
Armor: Leather armour    |     9 |    19 |       |       ||    28
       Ring mail         |       |    61 |       |       ||    61
       Scale mail        |       |    38 |   159 |    54 ||   251
       Skin              |       |       |     1 |       ||     1
Dodge: Dodged            |    19 |   136 |   143 |    34 ||   332
Block: Other             |       |       |     2 |       ||     2
       Buckler           |       |       |    27 |    20 ||    47

Table legend: (Time is in decaauts)
 A = Elapsed time spent in this place.
 B = Non-inter-level travel time spent in this place.
 C = Inter-level travel time spent in this place.
 D = Time resting spent in this place.
 E = Time spent auto-exploring this place.
 F = Levels seen in this place.
 G = Mean time per level.
                   A        B        C        D        E       F      G
               +--------+--------+--------+--------+--------+-----+--------+
         Total |   8444 |   8075 |    369 |   1028 |   5531 |   9 |  938.2 |
       Dungeon |   8329 |   8012 |    317 |   1028 |   5481 |   8 | 1041.1 |
        Temple |    115 |     63 |     52 |      0 |     50 |   1 |  115.0 |
               +--------+--------+--------+--------+--------+-----+--------+

Top non-repeatable levels by time:
     D:7: 2148 daAuts
     D:5: 1449 daAuts
     D:3: 1240 daAuts
     D:4: 921 daAuts
     D:2: 870 daAuts
     D:1: 845 daAuts
     D:6: 670 daAuts
     D:8: 183 daAuts
  Temple: 115 daAuts
